 Dungeon Crawl Stone Soup version 0.25-a0-167-g836c352ace (webtiles) character file.

Game seed: 11987646510278093775, levelgen mode: deterministic

71 D1HalberdGnoll the Poker (level 4, -1/35 HPs)
             Began as a Merfolk Skald on Nov 25, 2019.
             Slain by a gnoll
             ... wielding a +0 whip
              (6 damage)
             ... on level 2 of the Dungeon.
             The game lasted 00:02:39 (1129 turns).

D1HalberdGnoll the Poker (Merfolk Skald)            Turns: 1129, Time: 00:02:40

Health: -1/35      AC:  5    Str: 12    XL:     4   Next: 24%
Magic:  7/7        EV: 12    Int: 12    God:
Gold:   75         SH:  0    Dex: 13    Spells: 6/7 levels left

rFire    . . .     SeeInvis .   e - +2 dagger (vamp)
rCold    . . .     Gourm    .   (no shield)
rNeg     . . .     Faith    .   l - +0 ring mail
rPois    .         Spirit   .   (no helmet)
rElec    .         Reflect  .   (no cloak)
rCorr    .         Harm     .   (no gloves)
MR       .....                  (no boots)
Stlth    +.........             (no amulet)
HPRegen  0.11/turn              (no ring)
MPRegen  0.10/turn              (no ring)

@: no status effects
A: change form in water, swift swim, stealthy swim
a: no special abilities


You were on level 2 of the Dungeon.
You were hungry.

You visited 1 branch of the dungeon, and saw 2 of its levels.

You collected 75 gold pieces.

Inventory:

Hand Weapons
 a - a +0 spear
 e - a +2 vampiric dagger (weapon)
Missiles
 c - 3 poisoned darts (quivered)
Armour
 l - a +0 ring mail (worn)
Scrolls
 i - a scroll of enchant weapon {unknown}
 j - a scroll of magic mapping {unknown}
 k - 3 scrolls of identify {unknown}
Potions
 b - 2 potions of brilliance {unknown}
 f - a potion of ambrosia {unknown}
 g - a potion of mutation {unknown}
 h - a potion of curing {unknown}
Comestibles
 d - 3 rations


   Skills:
 + Level 3.0 Fighting
 * Level 5.0 Polearms
 - Level 0.6 Armour
 + Level 3.7 Dodging
 - Level 2.0 Spellcasting
 - Level 3.2 Charms


You had 6 spell levels left.
You knew the following spells:

 Your Spells              Type           Power        Failure   Level  Hunger
a - Infusion              Chrm           #...         16%         1    ##.....

Your spell library contained the following spells:

 Spells                   Type           Power        Failure   Level  Hunger
 Song of Slaying          Chrm           #.......     24%         2    ###....
 Shroud of Golubria       Chrm/Tloc      #.....       43%         2    ###....
 Regeneration             Chrm/Necr      #.........   67%         3    ####...
 Spectral Weapon          Hex/Chrm       #.......     67%         3    ####...


Dungeon Overview and Level Annotations

Branches:
Dungeon (2/15)

Altars:


Message History

Press: ? - help, Shift-Dir - straight line, f/p - gnoll
Aim: a gnoll, wielding a +0 whip and wearing a +0 chain mail You throw a poisoned dart.
The poisoned dart hits the gnoll.
The gnoll closely misses you.
Throwing (i - inventory)
c - 4 poisoned darts (quivered)
Press: ? - help, Shift-Dir - straight line, f/p - gnoll
Aim: a gnoll, wielding a +0 whip and wearing a +0 chain mail You throw a poisoned dart.
The poisoned dart hits the gnoll.
The gnoll is poisoned.
The gnoll hits you but does no damage.
You hit the gnoll but do no damage. The gnoll hits you with a +0 whip.
* * * LOW HITPOINT WARNING * * *
The gnoll looks more healthy.
You hit the gnoll but do no damage.
The gnoll is severely wounded.
The gnoll hits you with a +0 whip.
* * * LOW HITPOINT WARNING * * *
You hit the gnoll but do no damage.
The gnoll is severely wounded.
The gnoll hits you with a +0 whip.
You die...

#)####........### ### #(#
#..........# ..######.#
#.#........# .# .........#
#.#..#.....# ...#
..######## #.#..#.....#
#...# .## #..........#
#...## .##
##########.......# #.....
..# #.<.(.#
#.......#####...## #.#
#.....####@................
#.#
#......(.)g................
#.#
#.....####.................
#.# #.....#
#......######...## #(#
####### #.###### ###.....
#.# #.# #......# #.## #.#
#.#....# ...# #######.#
#.#....# #.## #..(....#
#.#....#


You could see a gnoll.

Vanquished Creatures
  2 gnolls (D:2)
  An adder (D:2)
  A dart slug (D:2)
  2 leopard geckos
  A ball python (D:2)
  6 bats
  3 giant cockroaches
  2 goblins
  2 hobgoblins (D:1)
  5 jackals (D:1)
  A quokka (D:2)
  2 frilled lizards (D:1)
  5 kobolds (D:1)
  7 rats
40 creatures vanquished.

Notes
Turn   | Place    | Note
-------+----------+-------------------------------------------
     0 | D:1      | D1HalberdGnoll the Merfolk Skald began the quest for the
                  | Orb.
     0 | D:1      | Reached XP level 1. HP: 16/16 MP: 3/3
    44 | D:1      | Reached XP level 2. HP: 14/23 MP: 5/5
   301 | D:1      | Reached skill level 4 in Polearms
   423 | D:1      | Reached XP level 3. HP: 28/28 MP: 6/6
   904 | D:2      | Reached XP level 4. HP: 34/34 MP: 7/7
   992 | D:2      | Reached skill level 5 in Polearms
  1129 | D:2      | Slain by a gnoll

Levels and vault maps discovered:
D:1:      erik_arrival_blinker_ship, layout_basic
D:2:      layout_loops_cross

Skill      XL: |  1  2  3  4 |
---------------+-------------+-----
Dodging        | 3 |  3.7
Polearms       | 4 5 |  5.0
Fighting       | 3 |  3.0
Armour         | |  0.6
Spellcasting   | |  2.0
Charms         | |  3.2

Action                   |  1- 3 |  4- 6 || total
-------------------------+-------+-------++-------
Melee: Spear             |    27 |       ||    27
       Dagger            |    99 |    23 ||   122
Throw: Dart              |     1 |    10 ||    11
Armor: Leather armour    |    11 |       ||    11
       Ring mail         |    27 |     4 ||    31
Dodge: Dodged            |    90 |    21 ||   111

Table legend:
 A = Non-vault XP
 B = Vault XP
 C = Vault XP percentage of total XP
 D = Non-vault monster count
 E = Vault monster count
 F = Vault count percentage of total count
                 A         B        C        D         E       F
            +---------+---------+-------+---------+---------+-------
      Total |     102 |       0 |   0.0 |      40 |       0 |   0.0
            +---------+---------+-------+---------+---------+-------
        D:1 |      39 |       0 |   0.0 |      25 |       0 |   0.0
        D:2 |      63 |       0 |   0.0 |      15 |       0 |   0.0
            +---------+---------+-------+---------+---------+-------
